 Dungeon Crawl Stone Soup version 0.27-a0-96-gb51a1d6fd6 (webtiles) character file.

Game seed: 2924556622476250733

145 knot the Chopper (level 5, 39/41 HPs)
             Began as a Demonspawn Berserker on Jan 19, 2021.
             Was a Believer of Trog.
             Quit the game on level 3 of the Dungeon.
             The game lasted 00:01:45 (2269 turns).

knot the Chopper (Demonspawn Berserker)             Turns: 2269, Time: 00:01:45

Health: 39/41      AC:  2    Str: 18    XL:     5   Next: 6%
Magic:  5/5        EV: 12    Int:  9    God:    Trog [**....]
Gold:   98         SH:  0    Dex: 12    Spells: 4/4 levels left

rFire    . . .     SeeInvis .   m - +0 war axe
rCold    . . .     Faith    .   (no shield)
rNeg     . . .     Spirit   .   b - +0 animal skin
rPois    .         Reflect  .   (helmet restricted)
rElec    .         Harm     .   (no cloak)
rCorr    .         Rampage  .   (no gloves)
Will     .....                  (no boots)
Stlth    +.........             d - amulet of regeneration
HPRegen  2.53/turn              (no ring)
MPRegen  0.09/turn              (no ring)

@: brilliant, flying
A: horns 1, demonic guardian 1, powered by death 1
a: Renounce Religion, Berserk, Trog's Hand


You were on level 3 of the Dungeon.
You worshipped Trog.
Trog was pleased with you.
You visited 1 branch of the dungeon, and saw 3 of its levels.

You collected 98 gold pieces.

Inventory:

Hand Weapons
 m - a +0 war axe (weapon)
Missiles
 e - 30 sling bullets
 f - 81 stones
 i - 2 throwing nets
Armour
 b - a +0 animal skin (worn)
Jewellery
 d - an amulet of regeneration (around neck)
Scrolls
 g - a scroll of immolation {unknown}
 h - 3 scrolls of identify {unknown}
 j - 2 scrolls of teleportation {unknown}
 l - 2 scrolls of enchant weapon {unknown}
 n - a scroll of random uselessness {unknown}
Potions
 a - a potion of flight
 c - 2 potions of brilliance
 o - a potion of attraction {unknown}


   Skills:
 - Level 3.0 Fighting
 + Level 5.3 Axes
 - Level 1.7 Armour
 - Level 1.7 Dodging


You had 4 spell levels left.
You didn't know any spells.
Your spell library was empty.

Dungeon Overview and Level Annotations

Branches:
Dungeon (3/15)

Altars:


Innate Abilities, Weirdness & Mutations

You have a pair of small horns on your head.
A weak demonic guardian rushes to your aid.
You regenerate a little health from kills.


Message History

You kill the orc wizard!
Trog accepts your kill.
Trog appreciates your killing of a magic user.
You can now call upon Trog for regeneration and willpower.
Your Axes skill increases to level 5!
No target in view!
You barely miss something. Something hits you.
You miss something. Your headbutt misses something.
You hear some strange, mumbled words.
A magic dart appears from out of thin air!
The magic dart hits you. Something completely misses you.
You slash something! You headbutt something. Trog accepts your kill.
Trog appreciates your killing of a magic user.
Reactivating autopickup.
You feel a bit more experienced.
You have reached level 5!
Your demonic ancestry asserts itself...
You feel the presence of a demonic guardian.
Are you sure you want to abandon this character and quit the game? (Confirm with "yes".)

####.##########
.......... ...
.........##.####
.......o........
............# #
.......##...#
... ....{..
##..#.....
.......
##).......
.......
#@#>##....
####... #####
... #### .#


There were no monsters in sight!

Vanquished Creatures
  An iguana (D:2)
  2 orc wizards (D:3)
  3 adders (D:2)
  An ooze (D:3)
  3 worms (D:2)
  A leopard gecko (D:1)
  An orc (D:3)
  2 bats
  A giant cockroach (D:1)
  2 hobgoblins (D:2)
  4 jackals (D:2)
  3 frilled lizards
  A goblin (D:2)
  3 kobolds
  6 rats (D:2)
34 creatures vanquished.

Notes
Turn   | Place    | Note
-------+----------+-------------------------------------------
     0 | D:1      | knot the Demonspawn Berserker began the quest for the Orb.
     0 | D:1      | Reached XP level 1. HP: 18/18 MP: 1/1
   275 | D:1      | Reached skill level 3 in Axes
   991 | D:2      | Gained mutation: You regenerate a little health from kills.
                  | [demonic ancestry]
   991 | D:2      | Reached XP level 2. HP: 23/24 MP: 2/2
  1374 | D:2      | Gained mutation: You have a pair of small horns on your
                  | head. [demonic ancestry]
  1374 | D:2      | Reached XP level 3. HP: 29/29 MP: 3/3
  1576 | D:2      | Reached skill level 4 in Axes
  1860 | D:2      | Reached XP level 4. HP: 33/35 MP: 4/4
  2265 | D:3      | Reached ** piety under Trog
  2266 | D:3      | Reached skill level 5 in Axes
  2269 | D:3      | Gained mutation: A weak demonic guardian rushes to your
                  | aid. [demonic ancestry]
  2269 | D:3      | Reached XP level 5. HP: 39/41 MP: 5/5
  2269 | D:3      | Quit the game

Illustrated notes

Levels and vault maps discovered:
D:1:      dpeg_arrival_fog, layout_loops_corners
D:2:      layout_rooms, kennysheep_cross_bottleneck
D:3:      wad_crossroads, layout_basic, minmay_overflow_temple_hex,
          chequers_ecumenical_altar_lobes

Skill      XL: |  1  2  3  4 |
---------------+-------------+-----
Axes           | 3 4 5 |  5.3
Fighting       | |  3.0
Armour         | |  1.7
Dodging        | |  1.7

Action                   |  1- 3 |  4- 6 || total
-------------------------+-------+-------++-------
Melee: Hand axe          |    65 |       ||    65
       War axe           |    20 |    24 ||    44
       Headbutt          |       |     6 ||     6
Invok: Berserk           |     4 |       ||     4
  Use: Potion            |       |     3 ||     3
 Stab: Sleeping          |     1 |     1 ||     2
Armor: Animal skin       |    10 |     2 ||    12
Dodge: Dodged            |    56 |    12 ||    68

Table legend: (Time is in decaauts)
 A = Elapsed time spent in this place.
 B = Non-inter-level travel time spent in this place.
 C = Inter-level travel time spent in this place.
 D = Time resting spent in this place.
 E = Time spent auto-exploring this place.
 F = Levels seen in this place.
 G = Mean time per level.
                   A        B        C        D        E       F      G
               +--------+--------+--------+--------+--------+-----+--------+
         Total |   2331 |   2255 |     76 |    786 |   1193 |   3 |  777.0 |
       Dungeon |   2331 |   2255 |     76 |    786 |   1193 |   3 |  777.0 |
               +--------+--------+--------+--------+--------+-----+--------+

Top non-repeatable levels by time:
     D:2: 1318 daAuts
     D:1: 983 daAuts
     D:3: 29 daAuts
